 Dungeon Sprint DCSS version 0.31-a0-728-g01b46875f1 (webtiles) character file.

Game seed: 15631706748802432740

486 sircluck the Grappler (level 6, -3/72 HPs)
             Began as a Troll Berserker on Sept 11, 2023.
             Was a High Priest of Trog.
             Slain by a gnoll sergeant
             ... wielding a +0 trident
              (15 damage)
             ... in the Dungeon (Sprint VII: "The Pits").
             The game lasted 00:00:39 (272 turns).

sircluck the Grappler (Troll Berserker)              Turns: 272, Time: 00:00:39

Health: -3/72      AC:  4    Str: 28    XL:     6   Next: 89%
Magic:  5/5        EV: 11    Int:  3    God:    Trog [*****.]
Gold:   0          SH:  0    Dex:  9    Spells: 5/5 levels left

rFire   . .          .
                       - Unarmed
rCold   . . .        (no shield)
rNeg    . . .        a - +0 animal skin
rPois   .            (helmet restricted)
rElec   .            (no cloak)
rCorr   .            (gloves unavailable)
SInv    .            (boots unavailable)
Will    .....        (no amulet)
Stlth   +            (no ring)
HPRegen 1.12/turn    (no ring)
MPRegen 0.09/turn

%: no teleportation
@: no status effects
A: large, unfitting armour, claws 3, regeneration 1, shaggy fur 1, tough skin 1
a: Renounce Religion, Berserk, Trog's Hand, Brothers in Arms


You were in the Dungeon.
You worshipped Trog.
Trog was extremely pleased with you.
You visited 1 branch

Inventory:

Armour
 a - a +0 animal skin (worn)
Scrolls
 g - a scroll of blinking
 i - 2 scrolls of vulnerability
 j - a scroll of butterflies
Potions
 b - 6 potions of curing
 c - 6 potions of heal wounds
 d - a potion of haste
 e - 4 potions of magic
 f - 3 potions of berserk rage
 h - 2 potions of invisibility


   Skills:
 + Level 7.7 Fighting
 + Level 7.5 Dodging
 + Level 9.1 Unarmed Combat


You had 5 spell levels left.
You didn't know any spells.
Your spell library was empty.

Dungeon Overview and Level Annotations

Branches:
Dungeon (1/1)

Altars:
Ashenzari
Cheibriados
Dithmenos
Elyvilon
Fedhas
Gozag
Hepliaklqana
Kikubaaqudgha
Makhleb
Nemelex Xobeh
Okawaru
Qazlal
Ru
Sif Muna
Trog
Uskayaw
Vehumet
Wu Jian
Xom
Yredelemnul
Zin
The Shining One
Jiyva
Lugonu


Innate Abilities, Weirdness & Mutations

You are too large for most types of armour.
You have claws for hands.
Your natural rate of healing is unusually fast.
You are covered in fur. (AC +1)
You have tough skin. (AC +1)


Message History

The gnoll barely misses you.
The gnoll sergeant hits you from afar with a +0 spear!
* * * LOW HITPOINT WARNING * * *
There is an open door here.
You see here a bat corpse.
You see here a +0 club.
The gnoll attacks as it pursues you! The gnoll hits you with a +0 club.
* * * LOW HITPOINT WARNING * * *
You see here a +0 spear.
Things that are here:
a +0 spear; a gnoll corpse
Things that are here:
a +0 club; a gnoll corpse You claw the gnoll!
You kill the gnoll!
Trog accepts your kill.
You scratch the gnoll.
The gnoll is heavily wounded.
The gnoll barely misses you.
You scratch the gnoll.
The gnoll is almost dead.
The gnoll closely misses you.
You scratch the gnoll.
You kill the gnoll!
Trog accepts your kill. The gnoll sergeant closely misses you.
The gnoll sergeant hits you with a +0 spear!
* * * LOW HITPOINT WARNING * * *
Items here: ))) ††.
You mangle the gnoll sergeant!!
You kill the gnoll sergeant!
Trog accepts your kill. Trog grants you a weapon!
Something appears at your feet!
You see here a +1 antimagic great mace.
Your Unarmed Combat skill increases to level 9!
Items here: )) [ †.
You scratch the gnoll sergeant.
The gnoll sergeant is moderately wounded.
The gnoll sergeant hits you with a +0 trident!
You die...

##########.##.....
#..........)'.....
#'#####'#####.....
#)#..#).#..##.....
#.#..)..#))#####'#
#.#..####))##.....
#)#..#..#))##.....
#)#..#..#[[##.....
#@##'#).#'###...<.
#g#...)....##.....
#g#...)....##.....
#†###########.....
#.......# ######
#..)....#
#...#...# #..##
..# #... .#


You could see a gnoll sergeant and a gnoll.

Vanquished Creatures
  A water moccasin (D)
  An ogre (D)
  A gnoll sergeant (D)
  2 scorpions (D)
  A gnoll bouda (D)
  9 gnolls (D)
  An ufetubus (D)
  An orc (D)
  A goblin (D)
  3 kobolds (D)
  A bat (D)
  A rat (D)
23 creatures vanquished.

Notes
Turn   | Place    | Note
-------+----------+-------------------------------------------
     0 | D        | sircluck the Troll Berserker began the quest for the Orb.
     0 | D        | Reached XP level 1. HP: 22/22 MP: 0/0
    58 | D        | Found a bloodstained altar of Trog.
    58 | D        | Found a shimmering blue altar of Sif Muna.
    58 | D        | Found a viscous altar of Jiyva.
    58 | D        | Found a hazy altar of Hepliaklqana.
    58 | D        | Found an opulent altar of Gozag.
    60 | D        | Found a glowing golden altar of the Shining One.
    60 | D        | Found a glowing silver altar of Zin.
    60 | D        | Found a basalt altar of Yredelemnul.
    60 | D        | Found a shimmering altar of Xom.
    60 | D        | Found an ornate altar of the Wu Jian Council.
    60 | D        | Found a sacrificial altar of Ru.
    60 | D        | Found a stormy altar of Qazlal.
    60 | D        | Found an iron altar of Okawaru.
    60 | D        | Found a sparkling altar of Nemelex Xobeh.
    60 | D        | Found a burning altar of Makhleb.
    60 | D        | Found a blossoming altar of Fedhas.
    60 | D        | Found a white marble altar of Elyvilon.
    60 | D        | Found a shadowy altar of Dithmenos.
    60 | D        | Found a snail-covered altar of Cheibriados.
    64 | D        | Found a corrupted altar of Lugonu.
    64 | D        | Found a radiant altar of Vehumet.
    65 | D        | Found a broken altar of Ashenzari.
    65 | D        | Found an ancient bone altar of Kikubaaqudgha.
    65 | D        | Found a hide-covered altar of Uskayaw.
    97 | D        | Noticed a scorpion
   100 | D        | Killed a scorpion
   101 | D        | Reached skill level 5 in Unarmed Combat
   101 | D        | Reached XP level 2. HP: 27/33 MP: 1/1
   101 | D        | Reached XP level 3. HP: 32/40 MP: 2/2
   102 | D        | Reached ** piety under Trog
   103 | D        | Reached XP level 4. HP: 42/49 MP: 3/3
   123 | D        | Noticed a scorpion
   132 | D        | Reached *** piety under Trog
   136 | D        | Killed a scorpion
   137 | D        | Reached skill level 5 in Fighting
   137 | D        | Reached skill level 5 in Dodging
   137 | D        | Reached skill level 6 in Unarmed Combat
   139 | D        | Reached XP level 5. HP: 44/57 MP: 4/4
   200 | D        | Noticed an ogre
   200 | D        | Noticed a water moccasin
   213 | D        | Reached **** piety under Trog
   215 | D        | Killed an ogre
   216 | D        | Reached skill level 7 in Unarmed Combat
   218 | D        | Killed a water moccasin
   219 | D        | Reached skill level 8 in Unarmed Combat
   219 | D        | Reached XP level 6. HP: 49/71 MP: 5/5
   237 | D        | Reached ***** piety under Trog
   270 | D        | Received a gift from Trog
   271 | D        | Reached skill level 9 in Unarmed Combat
   272 | D        | Slain by a gnoll sergeant

Illustrated notes

Levels and vault maps discovered:
D:        pitsprint [storerooms_1, entrance_room_1, metal_vault_1, armoury_1,
          mini_pit_1, grid_room_1, main_hall_1, silver_pit, the_coven_2,
          the_vestibule_1, steel_vault_5, golden_pit, hallway_of_sentries,
          crystal_vault_1, iron_vault_5, final_vault]

Skill      XL: |  1  2  3  4  5  6 |
---------------+-------------------+-----
Fighting       | 4 5 7 |  7.7
Dodging        | 4 5 6 7 |  7.5
Unarmed Combat | 5 6 8 9 |  9.1

Action                     |  1- 3 |  4- 6 || total
---------------------------+-------+-------++-------
  Melee: Unarmed           |     7 |    47 ||    54
         Punch             |       |     1 ||     1
 Armour: Animal skin       |     3 |    38 ||    41
  Dodge: Dodged            |     4 |    31 ||    35

Table legend: (Time is in decaauts)
 A = Elapsed time spent in this place.
 B = Non-inter-level travel time spent in this place.
 C = Inter-level travel time spent in this place.
 D = Time resting spent in this place.
 E = Time spent auto-exploring this place.
 F = Levels seen in this place.
 G = Mean time per level.
                   A        B        C        D        E       F      G
               +--------+--------+--------+--------+--------+-----+--------+
         Total |    265 |    265 |      0 |      0 |    103 |   1 |  265.0 |
       Dungeon |    265 |    265 |      0 |      0 |    103 |   1 |  265.0 |
               +--------+--------+--------+--------+--------+-----+--------+

Top non-repeatable levels by time:
       D: 265 daAuts
